 Dungeon Crawl Stone Soup version 0.29.0-7-g18a832c13a (webtiles) character file.

Game seed: 2913990345157684078

46 sanka the Slasher (level 3, -8/30 HPs)
             Began as a Djinni Chaos Knight on Aug 30, 2022.
             Was a Plaything of Xom.
             Mangled by a worm (10 damage)
             ... on level 2 of the Dungeon.
             The game lasted 00:01:50 (1806 turns).

sanka the Slasher (Djinni Chaos Knight)             Turns: 1806, Time: 00:01:50

Health: -8/30      AC:  3    Str: 11    XL:     3   Next: 92%
Gold:   83         EV: 11    Int: 15    God:    Xom [......] SH:  0 Dex: 12

rFire   + + .      SeeInvis .   a - +0 falchion (chaos)
rCold   x . .      Faith    .   (no shield)
rNeg    . . .      Spirit   .   b - +2 leather armour
rPois   ∞          Reflect  .   (no helmet)
rElec   .          Harm     .   (no cloak)
rCorr   .          Rampage  .   (no gloves)
Will    .....                   (boots unavailable)
Stlth   +.........              (no amulet)
HPRegen 0.10/turn               (no ring)
MPRegen 0.00/turn               (no ring)

@: flying
A: sickness immunity, fire resistance 2, cold vulnerability 1, float, innate
caster, HP casting, extra vitality 1, deformed body
a: Renounce Religion


You were on level 2 of the Dungeon.
You worshipped Xom.
You were a very special plaything of Xom.
You visited 1 branch of the dungeon, and saw 2 of its levels.

You collected 83 gold pieces.


Innate Abilities, Weirdness & Mutations

You are immune to sickness and miasma.
You are immune to poison.
Your flesh is very heat resistant. (rF++)
You are vulnerable to cold. (rC-)
You float through the air rather than walking.
You learn spells naturally, not from books.
Your magical power is your life essence.
You have superior vitality. (+4 MHP)
Armour fits poorly on your strangely shaped body.


   Skills:
 - Level 3.0 Fighting
 + Level 3.9 Long Blades
 - Level 1.0 Armour
 - Level 2.1 Dodging
 + Level 0.7 Spellcasting


You had 2 spell levels left.
You knew the following spells:

 Your Spells              Type           Power      Damage    Failure   Level
z - Magic Dart            Conj           8%         1d3       24%         1
Your spell library was empty.

Inventory:

Hand Weapons
 a - a +0 falchion of chaos (weapon)
Armour
 b - a +2 leather armour (worn)
Scrolls
 d - a scroll of fear {unknown}
 g - 2 scrolls of identify {@r1}
 h - a scroll of blinking
Potions
 e - a potion of curing {unknown}
 f - a potion of resistance {unknown}
 i - a potion of might {unknown}
 j - a potion of heal wounds {unknown}
Miscellaneous
 c - a piece from Xom's chessboard (15/15)

Dungeon Overview and Level Annotations

Branches:
Dungeon (2/15)

Altars:

▒▒▒..▒ ▒.▒ ▒.▒▒▒▒▒▒▒.▒
▒..▒▒▒▒▒.▒▒▒▒▒....▒....▒
▒>..........▒▒▒.▒.▒.▒▒▒▒
▒...▒▒▒▒▒▒▒.▒ ▒.▒.▒.▒
▒...▒ ▒.▒ ▒.▒...▒ ▒▒...▒
▒.▒▒▒.▒.▒▒▒ ▒..▒.▒
▒†....▒.▒ ▒..<†▒
▒wJ.....▒ ▒....▒
▒R▒▒▒▒▒▒▒ ▒<▒..▒ ▒w▒
▒.▒... ..▒ ▒.▒▒▒▒▒ .▒▒▒
.. .▒ .. ▒▒


You could see 2 worms and an endoplasm (summoned).


Message History

The endoplasm misses you.
Unknown command.
You hit the endoplasm. You freeze the endoplasm.
You kill the endoplasm!
The endoplasm completely misses you. The worm bites you!
* * * LOW HITPOINT WARNING * * *
Unknown command.
You barely miss the worm. The endoplasm closely misses you.
Unknown command.
You slash the worm! You drain the worm.
The worm is severely wounded.
The endoplasm freezes you.
You are frozen.
You feel a terrible chill!
* * * LOW HITPOINT WARNING * * *
The worm barely misses you. The worm bites you!
* * * LOW HITPOINT WARNING * * *
Unknown command.
As you read the scroll labelled HEDIOPT DIJI, it crumbles to dust.
It is a scroll of identify.
h - a scroll of blinking The endoplasm hits you.
* * * LOW HITPOINT WARNING * * *
The worm bites you!
You die...

Action                   || total
-------------------------++-------
Melee: Falchion          ||    97
 Cast: Magic Dart        ||     3
  Use: Scroll            ||     1
 Stab: Paralysed         ||     1
Armor: Leather armour    ||    33
Dodge: Dodged            ||    61

Levels and vault maps discovered:
D:1:      evilmike_arrival_hilbert_curve, layout_loops_ring,
          hellmonk_ecumenical_altar_heavens_door, minmay_misc_feat_alley,
          minmay_misc_feat_five
D:2:      layout_loops_ring, minmay_quantized

Notes
Turn   | Place    | Note
-------+----------+-------------------------------------------
     0 | D:1      | sanka the Djinni Chaos Knight began the quest for the Orb.
     0 | D:1      | Reached XP level 1. HP: 20/20 MP: 0/0
   253 | D:1      | Reached skill level 3 in Long Blades
   256 | D:1      | Reached XP level 2. HP: 16/25 MP: 0/0
   463 | D:1      | XOM: divination: detect items
   656 | D:1      | XOM: cloud trail
   675 | D:1      | Found a faded altar of an unknown god.
   844 | D:1      | Reached XP level 3. HP: 30/30 MP: 0/0
   844 | D:1      | Learned a level 1 spell: Magic Dart
   872 | D:1      | XOM: give mutation
   872 | D:1      | Gained mutation: Armour fits poorly on your strangely
                  | shaped body. [Xom's mischief]
   907 | D:1      | XOM: summons 1 hostile shadow creature
  1453 | D:2      | XOM: 5-stop teleportation journey
  1568 | D:2      | XOM: chaos upgrade
  1800 | D:2      | XOM: summons 3 hostile shadow creatures
  1805 | D:2      | HP: 3/30 [worm[Xom] (7)]
  1806 | D:2      | Mangled by a worm

Vanquished Creatures
  An adder (D:2)
  A dart slug (D:2)
  3 bats (D:1)
  2 endoplasms
  A giant cockroach (D:2)
  2 goblins (D:1)
  8 hobgoblins
  3 jackals (D:1)
  2 kobolds (D:2)
  3 ball pythons (D:2)
  A frilled lizard (D:2)
  2 rats (D:1)
29 creatures vanquished.
